[Event "January 9 Early 2024"]
[Site "https://www.chess.com"]
[Date "2024.01.11"]
[Round "2"]
[White "Radjabov, Teimour"]
[Black "Rakitin, Daniil"]
[Result "1/2-1/2"]
[Board "308"]
[TimeControl "180+1"]
[WhiteFideId "13400924"]
[BlackFideId "24219762"]
[WhiteElo "3028"]
[BlackElo "2671"]
[WhiteTeam "AZE"]
[BlackTeam "RUS"]
[WhiteClock "0:00:07"]
[BlackClock "0:00:13"]

1. e4 e5 2. Nf3 Nf6 3. Nxe5 Nxe4 4. Qe2 Qe7 5. Qxe4 d6 6. d4 dxe5 7. dxe5 Nc6 8. Nc3 Qxe5 9. Bf4 Qxe4+ 10. Nxe4 Nd4 11. O-O-O Ne6 12. Be3 Bd7 13. Bc4 Be7 14. Rhe1 Bc6 15. Nc5 Bxc5 16. Bxc5 Rd8 17. Bxe6 Rxd1+ 18. Kxd1 fxe6 19. Rxe6+ Kd8 20. Re7 Rg8 21. f3 Bd7 22. Re2 Re8 23. Rd2 b6 24. Bd4 g6 25. h4 Re6 26. c4 Ke8 27. c5 Bc6 28. Bf2 Re7 29. Rc2 Kd7 30. b3 Re5 31. Kc1 Rd5 32. Kb2 Rd3 33. Re2 Bb5 34. Rc2 Bc6 35. Bg3 Rd5 36. cxb6 cxb6 37. a4 b5 38. axb5 Rxb5 39. Rc3 a5 40. Ka3 Rd5 41. Bf4 Rd4 42. Bg5 Bb5 43. Rc5 Bf1 44. Rxa5 Bxg2 45. Ra7+ Ke6 46. Re7+ Kd6 47. Re3 Bh3 48. Bf6 Rd5 49. Be7+ Kc6 50. Kb4 Bf5 51. Bf6 Rd3 52. Rxd3 Bxd3 53. Kc3 Bf5 54. Kd4 h5 55. Be7 Kb5 56. Ke5 Kc6 57. Kf6 Kb5 58. b4 Kc6 59. Bc5 Kb5 60. Ke5 Kc6 61. Kd4 Kb5 62. Kd5 Bh3 63. f4 Bf5 64. Bd6 Bh3 65. Ke5 Bf5 66. Kf6 Kb6 67. Bf8 Kb5 68. Ke5 Kc6 69. Kd4 1/2-1/2

[Event "January 9 Early 2024"]
[Site "https://www.chess.com"]
[Date "2024.01.11"]
[Round "2"]
[White "Fiedorek, Michal"]
[Black "Abdulrahman Mohammad, Al Taher"]
[Result "1-0"]
[Board "309"]
[TimeControl "180+1"]
[WhiteFideId "1199528"]
[BlackFideId "9310258"]
[WhiteElo "2497"]
[BlackElo "2247"]
[WhiteTeam "POL"]
[BlackTeam "UAE"]
[WhiteClock "0:00:06"]
[BlackClock "0:00:05"]

1. e4 c5 2. Nf3 Nc6 3. d4 cxd4 4. Nxd4 g6 5. c4 Nf6 6. Nc3 Nxd4 7. Qxd4 d6 8. Be2 Bg7 9. Be3 O-O 10. Qd2 Be6 11. Rd1 Qa5 12. O-O Rfc8 13. b3 Ng4 14. Bd4 Bxd4 15. Qxd4 Qe5 16. Qxe5 Nxe5 17. f4 Nc6 18. Nd5 Bxd5 19. exd5 Nb4 20. a3 Nc2 21. Rd2 Ne3 22. Rf3 Nf5 23. g4 Ng7 24. Re3 Rc7 25. Bd3 h5 26. h3 Ne8 27. gxh5 gxh5 28. Rg2+ Kh8 29. Reg3 Nf6 30. Rg7 Rg8 31. Rxg8+ Nxg8 32. Kf2 Nf6 33. Ke3 a5 34. Kd4 b6 35. Rg5 Rc8 36. Be2 Rg8 37. h4 Kh7 38. Bd3+ Kh8 39. Bf5 Rxg5 40. fxg5 Ne8 41. b4 axb4 42. axb4 Kg7 43. Bd3 Nc7 44. c5 bxc5+ 45. bxc5 dxc5+ 46. Kxc5 f6 47. g6 Ne8 48. Kc6 Nd6 49. Kd7 Nb7 50. Kxe7 Nc5 51. d6 Nxd3 52. d7 Ne5 53. d8=N Nc6+ 54. Nxc6 Kxg6 55. Nd4 f5 56. Ke6 f4 57. Nf3 Kg7 58. Kf5 Kf7 59. Kxf4 Kf6 60. Ng5 Kg6 61. Ne4 Kf7 62. Kg5 Kg7 63. Ng3 1-0

[Event "January 9 Early 2024"]
[Site "https://www.chess.com"]
[Date "2024.01.11"]
[Round "2"]
[White "Perossa, Nicolas"]
[Black "Yushko, Olga"]
[Result "1-0"]
[Board "310"]
[TimeControl "180+1"]
[WhiteFideId "2850520"]
[BlackFideId "14114500"]
[WhiteElo "2450"]
[BlackElo "2125"]
[WhiteTeam "ITA"]
[BlackTeam "UKR"]
[WhiteClock "0:00:05"]
[BlackClock "0:00:07"]

1. c4 e6 2. Nc3 d5 3. d3 Nf6 4. Nf3 Be7 5. g3 O-O 6. Bg2 c5 7. O-O Nc6 8. Bg5 h6 9. Bxf6 Bxf6 10. Rc1 dxc4 11. dxc4 Qc7 12. Qc2 Nd4 13. Nxd4 cxd4 14. Ne4 Be7 15. Rfd1 e5 16. Nd2 Be6 17. Qb3 Rab8 18. a4 a6 19. Qd3 Qb6 20. b3 Bb4 21. Nf3 Qc5 22. Qe4 Ba3 23. Ra1 Bb2 24. Ra2 Bc3 25. Qxe5 Qxe5 26. Nxe5 Rfe8 27. Nf3 Rbd8 28. Nd2 d3 29. e3 b5 30. axb5 axb5 31. Bc6 Re7 32. Bxb5 Bg4 33. Rc1 Bb4 34. Kg2 Rc7 35. f3 Be6 36. Kf2 Rb8 37. Rd1 Rxb5 38. cxb5 Rc2 39. Rxc2 dxc2 40. Rc1 Bxd2 41. Rxc2 Ba5 42. b4 Bxb4 43. b6 Bd5 44. b7 Bxb7 45. Rb2 Bxf3 46. Kxf3 Bd6 47. Rb7 f6 48. Ke4 Be5 49. Kf5 Kh7 50. e4 Bd4 51. h4 Bf2 52. Kf4 Bd4 53. h5 Be5+ 54. Kg4 Bd4 55. Kf5 Be5 56. g4 Bd4 57. Rb8 Be5 58. Rc8 Bd4 59. Re8 Bc3 60. Ke6 1-0

[Event "January 9 Early 2024"]
[Site "https://www.chess.com"]
[Date "2024.01.11"]
[Round "2"]
[White "Yuan, Qingyu"]
[Black "Baules Rodriguez, Jorge Luis"]
[Result "0-1"]
[Board "311"]
[TimeControl "180+1"]
[WhiteFideId "8609772"]
[BlackFideId "6600247"]
[WhiteElo "2753"]
[BlackElo "2525"]
[WhiteTeam "CHN"]
[BlackTeam "PAN"]
[WhiteClock "0:00:07"]
[BlackClock "0:00:21"]

1. e4 c5 2. Nf3 d6 3. Bb5+ Nd7 4. c3 a6 5. Ba4 Nf6 6. Qe2 e6 7. O-O Be7 8. d4 O-O 9. Bc2 b5 10. Nbd2 Bb7 11. Re1 Qc7 12. Nf1 Rac8 13. Bd3 Rfe8 14. Ng3 Bf8 15. a4 c4 16. Bc2 g6 17. h4 e5 18. d5 Bg7 19. h5 Nc5 20. axb5 axb5 21. h6 Bf8 22. Bg5 Ng4 23. Qd2 f6 24. Be3 Nxe3 25. Qxe3 Ra8 26. Nh2 Rxa1 27. Rxa1 Bc8 28. Qf3 Kf7 29. Ng4 Bxg4 30. Qxg4 Bxh6 31. Qh4 Kg7 32. Nf1 Qb7 33. Qg4 Ra8 34. Qd1 Ra7 35. Nh2 Kg8 36. Ng4 Bg7 37. g3 Qa8 38. Rb1 Ra2 39. Qf3 Qf8 40. Kg2 h5 41. Ne3 Bh6 42. Qd1 Bxe3 43. fxe3 Qh6 44. Qf3 Qg5 45. Kh3 Kg7 46. Kh2 Na4 47. Bxa4 bxa4 48. Kh3 f5 49. exf5 Qxf5+ 50. Qxf5 gxf5 51. Kh4 Kg6 52. Kh3 Kg5 53. Rf1 Rxb2 54. Ra1 Rb3 55. Rxa4 Rxc3 56. Ra6 Rxe3 57. Rxd6 f4 58. Rc6 Rxg3+ 59. Kh2 c3 60. d6 Rd3 61. Kg2 e4 62. Kf2 Rd2+ 63. Ke1 e3 64. Rxc3 Rxd6 65. Ke2 Rd2+ 66. Kf3 Rf2+ 67. Ke4 e2 68. Rc5+ Kg4 69. Rc8 e1=Q+ 70. Kd5 Rd2+ 71. Kc6 Rc2+ 72. Kb7 Rxc8 73. Kxc8 Qe7 74. Kb8 Kf5 75. Ka8 Ke6 0-1

[Event "January 9 Early 2024"]
[Site "https://www.chess.com"]
[Date "2024.01.11"]
[Round "2"]
[White "Saha, Ananda"]
[Black "Ryan, Joseph"]
[Result "1/2-1/2"]
[Board "312"]
[TimeControl "180+1"]
[WhiteFideId "2619644"]
[BlackFideId "2500426"]
[WhiteElo "2476"]
[BlackElo "2229"]
[WhiteTeam "CAN"]
[BlackTeam "IRL"]
[WhiteClock "0:00:09"]
[BlackClock "0:00:40"]

1. d4 d5 2. c4 e6 3. Nc3 Nf6 4. cxd5 exd5 5. Bg5 c6 6. e3 Be7 7. Bd3 h6 8. Bh4 O-O 9. Nge2 Ne8 10. Bxe7 Qxe7 11. O-O Nd6 12. Rc1 Bf5 13. Ng3 Bxd3 14. Qxd3 Nd7 15. a4 a5 16. Nb1 Nf6 17. Nd2 Rfe8 18. Nb3 Nfe4 19. Nc5 Nxc5 20. Rxc5 g6 21. Rfc1 Kg7 22. Qb3 h5 23. R5c2 h4 24. Nf1 h3 25. gxh3 Rh8 26. f3 Rxh3 27. Rg2 Rxf3 28. Re1 Rh8 29. Ng3 Rh4 30. Qc3 Ne4 31. Qxa5 Nxg3 32. Rxg3 Rxg3+ 33. hxg3 Re4 34. Qd2 Qg5 35. Qf2 f5 36. Kg2 Qg4 37. Qf3 Qxf3+ 38. Kxf3 Re8 39. b4 Ra8 40. a5 b6 41. axb6 Rb8 42. Kf4 Rxb6 43. Rb1 Kf6 44. g4 g5+ 45. Kf3 Ra6 46. Rc1 Kg6 47. Rc5 Rb6 48. Kg3 Kf6 49. Kf3 Ke6 50. Kg3 fxg4 51. Kxg4 Kd6 52. Kxg5 Rxb4 53. Kf4 Rb1 54. Kf3 Rf1+ 55. Ke2 Rf8 56. Ra5 Rb8 57. Kd3 Rb3+ 58. Kd2 Rb4 59. Kc3 Rb1 60. Ra8 Rc1+ 61. Kd2 Rh1 62. Rg8 Kc7 63. Kc3 Rh3 64. Kd3 Kb7 65. Rg7+ Kb6 66. Rg8 c5 67. Rb8+ Kc7 68. Rg8 c4+ 69. Kd2 Kd6 70. Rc8 Ke6 71. Ke2 Rh2+ 72. Kf3 Ra2 73. Rc6+ Kd7 74. Rc5 Kd6 75. Rb5 c3 76. Rc5 c2 77. Kg3 Ke6 78. Kf3 Rb2 79. e4 Rb3+ 80. Kf4 dxe4 81. Kxe4 Rb2 82. Kd3 Kd6 83. Rxc2 Rxc2 84. Kxc2 Kd5 85. Kd3 Kd6 86. Kc3 Kd5 87. Kd3 Kd6 88. Ke4 Ke6 89. d5+ Kd6 90. Kd4 Kd7 91. Ke5 Ke7 1/2-1/2

[Event "January 9 Early 2024"]
[Site "https://www.chess.com"]
[Date "2024.01.11"]
[Round "2"]
[White "Mekhitarian, Krikor Sevag"]
[Black "Skuhala, Jernej"]
[Result "0-1"]
[Board "313"]
[TimeControl "180+1"]
[WhiteFideId "2107660"]
[BlackFideId "14605651"]
[WhiteElo "2764"]
[BlackElo "2551"]
[WhiteTeam "BRA"]
[BlackTeam "SLO"]
[WhiteClock "0:00:01"]
[BlackClock "0:00:15"]

1. Nf3 Nf6 2. c4 e6 3. Nc3 d5 4. cxd5 exd5 5. d4 c6 6. Bf4 Bb4 7. e3 Ne4 8. Nd2 Nxc3 9. bxc3 Bxc3 10. Rc1 Bb4 11. Bd3 Qa5 12. Rc2 Nd7 13. O-O Nf6 14. Nb3 Qd8 15. Nc5 O-O 16. Bg5 h6 17. Bh4 Re8 18. Qb1 Bxc5 19. Rxc5 Qd6 20. Bg3 Qe7 21. a4 Ne4 22. Bxe4 Qxe4 23. Qb2 Qg6 24. a5 a6 25. Re1 f6 26. f3 Qf7 27. Qb6 Bf5 28. Rc3 Re7 29. Bd6 Rd7 30. Bg3 Re8 31. Qb2 Bg6 32. Qd2 Kh7 33. Qf2 Qe7 34. Rc5 Qd8 35. Bf4 Bd3 36. h4 Bc4 37. h5 Kg8 38. Qg3 Kh8 39. Rb1 Qe7 40. Qg6 Qf7 41. Qf5 Rde7 42. Kf2 Qg8 43. Rh1 Qh7 44. Qxh7+ Kxh7 45. g4 Kg8 46. Rc1 Kf7 47. e4 Rd7 48. e5 fxe5 49. dxe5 Ke6 50. Bg3 Rf8 51. f4 Bd3 52. Ke3 Bh7 53. Kd4 Rdf7 54. Rf1 Kd7 55. Rf2 Ke6 56. Rc1 Be4 57. Rcf1 Re7 58. f5+ Kf7 59. e6+ Kg8 60. Bd6 Rfe8 61. Bxe7 Rxe7 62. Ke5 Re8 63. Rb2 Bd3 64. Rxb7 Bxf1 65. Kd6 d4 66. Kd7 Ra8 67. Kxc6 Bb5+ 68. Kd6 Rd8+ 69. Ke5 d3 70. e7 Re8 71. f6 d2 72. Ke6 gxf6 73. Rb8 d1=Q 74. Rxe8+ Bxe8 0-1

[Event "January 9 Early 2024"]
[Site "https://www.chess.com"]
[Date "2024.01.11"]
[Round "2"]
[White "Skaric, Djuro"]
[Black "Davidson, Kevin"]
[Result "0-1"]
[Board "314"]
[TimeControl "180+1"]
[WhiteFideId "934569"]
[BlackFideId "2056810"]
[WhiteElo "2293"]
[BlackElo "2519"]
[WhiteTeam "SRB"]
[BlackTeam "USA"]
[WhiteClock "0:00:16"]
[BlackClock "0:00:03"]

1. g3 Nf6 2. Bg2 g6 3. d3 Bg7 4. e4 d6 5. Nc3 c5 6. h3 Nc6 7. f4 O-O 8. Nf3 Rb8 9. g4 b5 10. O-O b4 11. Ne2 Ne8 12. Ng3 Nc7 13. e5 dxe5 14. f5 Bb7 15. Be3 Nd4 16. c3 bxc3 17. bxc3 Nxf3+ 18. Bxf3 Bxf3 19. Qxf3 Qxd3 20. Bxc5 Qxf3 21. Rxf3 Nd5 22. Ne4 a5 23. Rd1 Nf6 24. Re1 Nxe4 25. Rxe4 Rfe8 26. c4 Rbc8 27. Bf2 Rc6 28. Kg2 Rec8 29. Rc3 e6 30. fxg6 hxg6 31. c5 f5 32. Ra4 Ra8 33. Rc2 e4 34. Be3 Kf7 35. Rac4 Be5 36. Bf2 a4 37. Rb4 Ra7 38. Rb6 Rac7 39. Rb5 Ra7 40. Rc4 a3 41. Rb3 Kf6 42. Rb6 Ra6 43. Rxa6 Rxa6 44. c6 Ra8 45. Bb6 Rc8 46. Ba5 Bd6 47. Bc3+ Ke7 48. Bd2 Kf6 49. Bc1 Ke5 50. Rc3 Kd5 51. Bxa3 Bxa3 52. Rxa3 Rxc6 53. Ra5+ Kd4 54. Kg3 Rc3+ 55. Kf4 Rxh3 56. Ra4+ Kd5 57. Ra5+ Kc4 58. gxf5 exf5 59. Re5 Rf3+ 60. Kg5 Rg3+ 61. Kf6 Kd4 62. a4 e3 63. a5 Rg1 64. a6 Ra1 65. Re6 Kd3 66. Rd6+ Ke2 67. Re6 Kf2 68. Kxg6 f4 69. Kf5 f3 70. Kg4 e2 71. Rf6 e1=Q 72. Rxf3+ Kg2 73. Rg3+ Qxg3+ 74. Kf5 Qf3+ 0-1

[Event "January 9 Early 2024"]
[Site "https://www.chess.com"]
[Date "2024.01.11"]
[Round "2"]
[White "Rose, Felix"]
[Black "Aashman Gupta"]
[Result "1/2-1/2"]
[Board "315"]
[TimeControl "180+1"]
[WhiteFideId "5105722"]
[BlackFideId "45022500"]
[WhiteElo "2252"]
[BlackElo "2487"]
[WhiteTeam "MEX"]
[BlackTeam "IND"]
[WhiteClock "0:00:19"]
[BlackClock "0:00:13"]

1. e4 e5 2. Nf3 Nc6 3. Bb5 a6 4. Ba4 d6 5. c4 Bg4 6. h3 Bxf3 7. Bxc6+ bxc6 8. Qxf3 Be7 9. Nc3 Nf6 10. d3 O-O 11. O-O Nd7 12. Rd1 Nc5 13. Be3 Ne6 14. d4 exd4 15. Bxd4 Nxd4 16. Rxd4 Bf6 17. Rd3 Rb8 18. b3 Qe7 19. Rad1 Rfe8 20. e5 Bxe5 21. Qxc6 Bxc3 22. Rxc3 Qe2 23. Rcd3 Re7 24. Qxa6 h6 25. c5 dxc5 26. Rd8+ Rxd8 27. Rxd8+ Kh7 28. Qxe2 Rxe2 29. Rd7 Rxa2 30. Rxc7 Rb2 31. Rxc5 Rxb3 32. h4 Rb2 33. g3 g6 34. Kg2 Kg7 35. Rc6 Rb5 36. Rd6 Rb3 37. Rc6 Ra3 38. Rd6 Kf8 39. Rc6 Ke7 40. Rb6 h5 41. Rc6 Kd7 42. Rb6 Ra4 43. Rf6 Ke7 44. Rb6 Rc4 45. Ra6 Rc7 46. Rb6 Rd7 47. Ra6 Kf8 48. Rb6 Kg7 49. Ra6 f6 50. Rb6 Rf7 51. Ra6 g5 52. hxg5 fxg5 53. Rb6 Rc7 54. Ra6 Rb7 55. Rc6 Rf7 56. Rc5 Kg6 57. Rc6+ Kf5 58. Rc5+ Kf6 59. Rc6+ Kf5 60. Rc5+ Kg6 61. Rc6+ Rf6 62. Rc5 Re6 63. Rc8 Kf5 64. Rh8 Kg6 65. Rg8+ Kh6 66. Rh8+ Kg6 67. Rg8+ Kf6 68. Rh8 1/2-1/2

[Event "January 9 Early 2024"]
[Site "https://www.chess.com"]
[Date "2024.01.11"]
[Round "2"]
[White "Zhukov, Maksim"]
[Black "Huschenbeth, Niclas"]
[Result "0-1"]
[Board "316"]
[TimeControl "180+1"]
[WhiteFideId "34181790"]
[BlackFideId "24604747"]
[WhiteElo "2342"]
[BlackElo "2545"]
[WhiteTeam "RUS"]
[BlackTeam "GER"]
[WhiteClock "0:00:18"]
[BlackClock "0:00:09"]

1. e4 c5 2. Nf3 d6 3. Bb5+ Nd7 4. a4 Nf6 5. Nc3 a6 6. Be2 g6 7. O-O Bg7 8. Re1 O-O 9. d4 cxd4 10. Nxd4 Qc7 11. Be3 b6 12. f3 Bb7 13. Bf2 Rac8 14. Bf1 Ne5 15. Ra3 Nc4 16. Rb3 Na5 17. Rb4 Nd7 18. Nd5 Bxd5 19. exd5 Ne5 20. Bxa6 Ra8 21. Bf1 Rfe8 22. c3 h5 23. Bb5 Rec8 24. Nc6 Naxc6 25. Bxc6 Rab8 26. Bb5 Bf6 27. Bd4 Qb7 28. f4 Ng4 29. Bc6 Qa7 30. h3 Bxd4+ 31. Qxd4 Nf6 32. a5 Qxa5 33. Rxe7 Qc5 34. Kh2 Qxd4 35. Rxd4 Kf8 36. Re3 Ng8 37. g4 hxg4 38. hxg4 Ne7 39. Bd7 Rc7 40. Bb5 Ra7 41. Rde4 Nxd5 42. Re8+ Rxe8 43. Rxe8+ Kg7 44. Kg3 Nf6 45. Re2 Ra1 46. g5 Nh5+ 47. Kf2 Nxf4 48. Re7 Ne6 49. Rb7 Rb1 50. Rxb6 Rxb2+ 51. Ke3 Nc7 52. Rxd6 Nxb5 53. Rc6 Rc2 54. c4 Na3 55. Kd3 Rxc4 56. Rxc4 Nxc4 57. Kxc4 f6 58. gxf6+ Kxf6 59. Kd4 Kf5 60. Ke3 Kg4 61. Kf2 Kf4 62. Kg2 Kg4 63. Kf2 Kh3 64. Kg1 Kg3 65. Kh1 g5 66. Kg1 g4 67. Kh1 Kf2 68. Kh2 g3+ 69. Kh3 g2 70. Kh4 g1=Q 71. Kh5 Qg7 72. Kh4 Qg6 73. Kh3 Qg3# 0-1

[Event "January 9 Early 2024"]
[Site "https://www.chess.com"]
[Date "2024.01.11"]
[Round "2"]
[White "Flynn, Jacob"]
[Black "Rodriguez Avila, Alvaro"]
[Result "1-0"]
[Board "317"]
[TimeControl "180+1"]
[WhiteFideId "2509393"]
[BlackFideId "24570249"]
[WhiteElo "2528"]
[BlackElo "2314"]
[WhiteTeam "IRL"]
[BlackTeam "ESP"]
[WhiteClock "0:00:03"]
[BlackClock "0:00:02"]

1. d4 Nf6 2. c4 Nc6 3. Nf3 e6 4. a3 d6 5. Nc3 g6 6. e4 Bg7 7. Be2 O-O 8. O-O e5 9. d5 Nb8 10. b4 a5 11. Be3 Nbd7 12. Nd2 Ne8 13. c5 f5 14. f3 Ndf6 15. Rc1 axb4 16. axb4 f4 17. Bf2 g5 18. Nc4 h5 19. cxd6 cxd6 20. Nb6 Rb8 21. Nb5 g4 22. Nxc8 Rxc8 23. Rxc8 Qxc8 24. Qc1 Qd7 25. Qc4 Nh7 26. Rc1 gxf3 27. Bxf3 Ng5 28. Bxh5 Nf6 29. Bg6 Qg4 30. Bf5 Nf3+ 31. Kh1 Qh5 32. gxf3 Qxf3+ 33. Kg1 Kh8 34. Qc3 Qh5 35. Qh3 Qxh3 36. Bxh3 Nxe4 37. Rc7 f3 38. Rxb7 Bh6 39. Nc7 Nxf2 40. Kxf2 e4 41. Ne6 e3+ 42. Ke1 Rg8 43. Rf7 Rg1+ 44. Bf1 e2 45. Rxf3 exf1=Q+ 46. Rxf1 Rg4 47. Rf6 Re4+ 48. Kf1 Bd2 49. b5 Rb4 50. Nc7 Rb1+ 51. Ke2 Ba5 52. Ne8 Rb2+ 53. Kd3 Rxb5 54. Rxd6 Rb2 55. h4 Kg8 56. h5 Kf7 57. Nf6 Bc7 58. Re6 Rb3+ 59. Kc4 Rh3 60. h6 Rxh6 61. Rc6 Rxf6 62. Rxc7+ Kg6 63. Kc5 Kf5 64. Re7 Rh6 65. d6 Rh1 66. d7 Rc1+ 67. Kb6 Rd1 68. Kc7 Rc1+ 69. Kd8 Rd1 70. Ke8 Kf6 71. d8=Q Rh1 72. Rf7+ 1-0

[Event "January 9 Early 2024"]
[Site "https://www.chess.com"]
[Date "2024.01.11"]
[Round "2"]
[White "Kozak, Antoni"]
[Black "Kjartansson, David"]
[Result "1-0"]
[Board "318"]
[TimeControl "180+1"]
[WhiteFideId "21832030"]
[BlackFideId "2301130"]
[WhiteElo "2758"]
[BlackElo "2424"]
[WhiteTeam "POL"]
[BlackTeam "ISL"]
[WhiteClock "0:00:12"]
[BlackClock "0:00:02"]

1. e4 c5 2. Nf3 Nc6 3. g3 g6 4. Bg2 Bg7 5. O-O d6 6. c3 Nf6 7. Re1 e5 8. d4 O-O 9. d5 Na5 10. b4 cxb4 11. cxb4 Nc4 12. Qb3 Nb6 13. a4 a5 14. Nc3 Bd7 15. Be3 Ng4 16. Bg5 f6 17. Bc1 axb4 18. Qxb4 Qc7 19. h3 Rfc8 20. Nb5 Bxb5 21. Qxb5 Nh6 22. Be3 Nd7 23. Rec1 Nc5 24. Rab1 Ra7 25. Nd2 Nf7 26. Nc4 Bf8 27. Nb6 Rd8 28. a5 Ra6 29. Bf1 f5 30. exf5 gxf5 31. Qb4 Ra7 32. Qh4 Rxa5 33. Qh5 f4 34. Bd3 Nh8 35. Bxc5 Rxc5 36. Rxc5 dxc5 37. Bf5 Ng6 38. Bxg6 hxg6 39. Qxg6+ Bg7 40. Qe6+ Kh8 41. Nc4 fxg3 42. fxg3 e4 43. d6 Qc6 44. Qe7 Rd7 45. Qe8+ Kh7 46. Qh5+ Kg8 47. Rf1 b5 48. Qe8+ Kh7 49. Qh5+ Kg8 50. Qe8+ Kh7 51. Rf7 Rxd6 52. Nxd6 Qxd6 53. Qxe4+ Qg6 54. Qh4+ Qh6 55. Qxh6+ Kxh6 56. Rb7 Bd4+ 57. Kf1 b4 58. Ke2 Kg5 59. Kd3 Kf5 60. Kc4 Ke4 61. g4 Kf4 62. Rf7+ Kg3 63. Rh7 Kf4 64. Rh5 Be3 65. g5 Kf5 66. h4 Kg6 67. Rh6+ Kg7 68. Kb3 Bd4 69. Rd6 Bf2 70. Rh6 Kf7 71. Kc4 Kg7 72. Kb3 Kf7 73. Rf6+ Kg7 74. Rxf2 1-0

[Event "January 9 Early 2024"]
[Site "https://www.chess.com"]
[Date "2024.01.11"]
[Round "2"]
[White "Bluebaum, Matthias"]
[Black "Cremisi, Daniel"]
[Result "1-0"]
[Board "319"]
[TimeControl "180+1"]
[WhiteFideId "24651516"]
[BlackFideId "2089882"]
[WhiteElo "3080"]
[BlackElo "2675"]
[WhiteTeam "GER"]
[BlackTeam "USA"]
[WhiteClock "0:00:21"]
[BlackClock "0:00:04"]

1. d4 d5 2. c4 c6 3. Nf3 Nf6 4. Nc3 e6 5. Qc2 Nbd7 6. cxd5 exd5 7. Bg5 Be7 8. e3 h6 9. Bh4 O-O 10. Bd3 Re8 11. O-O b6 12. Ne5 Nxe5 13. dxe5 Nd7 14. Bxe7 Qxe7 15. f4 Bb7 16. Rae1 Rad8 17. Qf2 Nc5 18. Bb1 Ba6 19. Ne2 Nd3 20. Bxd3 Bxd3 21. Rd1 Bxe2 22. Qxe2 f6 23. Qc2 fxe5 24. Qxc6 exf4 25. exf4 Rd6 26. Qb5 d4 27. Qd3 Qe3+ 28. Qxe3 Rxe3 29. Rfe1 Rxe1+ 30. Rxe1 Rc6 31. Rd1 Rc2 32. Rxd4 Rxb2 33. a4 Ra2 34. h4 Kf8 35. Kh2 Ke7 36. Kg3 Ra3+ 37. Kg4 Ra2 38. g3 Ra3 39. h5 Ke6 40. Re4+ Kf6 41. Rc4 a5 42. Rc6+ Kf7 43. Rxb6 Rxa4 44. Ra6 Ra3 45. Ra7+ Kf6 46. Ra6+ Kf7 47. Kh4 a4 48. Kg4 Ke7 49. Ra5 Kf7 50. Ra8 Kf6 51. Ra7 Ra1 52. Ra6+ Kf7 53. Kf5 Rg1 54. g4 Rb1 55. Rxa4 Rb5+ 56. Ke4 Rb1 57. Rd4 Ra1 58. Rd5 Rb1 59. Kf5 Rb7 60. Ra5 Rc7 61. Ke5 Rb7 62. Rd5 Rc7 63. Kf5 Rb7 64. Rc5 Ra7 65. g5 hxg5 66. Kxg5 Ra1 67. Rc7+ Kf8 68. Rb7 Ra2 69. Kf5 Ra5+ 70. Kg4 Ra1 71. Kg5 Ra5+ 72. f5 Ra1 73. h6 Rg1+ 74. Kf4 gxh6 75. Ke5 Ra1 76. Rb6 h5 77. Kf6 Ra8 78. Kg6 h4 79. Rb7 Ra6+ 80. f6 Ra8 81. Rh7 Kg8 82. f7+ Kf8 83. Rh8+ 1-0

[Event "January 9 Early 2024"]
[Site "https://www.chess.com"]
[Date "2024.01.11"]
[Round "2"]
[White "Taboas Rodriguez, Daniel"]
[Black "Filippova, Margarita"]
[Result "1-0"]
[Board "320"]
[TimeControl "180+1"]
[WhiteFideId "2208466"]
[BlackFideId "34199680"]
[WhiteElo "2541"]
[BlackElo "2344"]
[WhiteTeam "ESP"]
[BlackTeam "RUS"]
[WhiteClock "0:00:16"]
[BlackClock "0:00:14"]

1. d4 d5 2. Nf3 Nf6 3. c4 e6 4. Nc3 c6 5. Bg5 Be7 6. e3 h6 7. Bh4 Nbd7 8. Bd3 O-O 9. O-O dxc4 10. Bxc4 b5 11. Bd3 a6 12. Bxf6 Nxf6 13. Ne4 Bb7 14. Rc1 Rc8 15. Ne5 Qd5 16. Nc5 Bxc5 17. Rxc5 Qd6 18. Qc2 Rc7 19. Rc1 Rfc8 20. b4 Nd5 21. a3 f6 22. Nf3 Nb6 23. Qe2 Nd7 24. R5c2 a5 25. Qd2 axb4 26. Qxb4 Qxb4 27. axb4 Nb6 28. Bxb5 Nd5 29. Bc4 Kf7 30. Bxd5 exd5 31. b5 Ke6 32. Ne1 Kd6 33. bxc6 Rxc6 34. Rxc6+ Rxc6 35. Rxc6+ Bxc6 36. f3 Bb5 37. Kf2 Ke6 38. g4 Bc4 39. e4 Ba2 40. Nd3 dxe4 41. fxe4 Kd6 42. Ke3 Bb1 43. h4 g5 44. hxg5 hxg5 45. Nb2 Ba2 46. Na4 Be6 47. Kf3 Bb3 48. Nc5 Bc2 49. Kf2 Bd1 50. Kg3 Be2 51. Na4 Bd1 52. Nc3 Bb3 53. Kf3 Bc4 54. Ke3 Ke6 55. Ne2 Kd6 56. Ng1 Be6 57. Kf3 Bb3 58. Kf2 Be6 59. Kg3 Bc4 60. Nf3 Ke6 61. Kf2 Bd3 62. Ke3 Bc4 63. d5+ Kd6 64. Kd4 Be2 65. e5+ fxe5+ 66. Nxe5 Bd1 67. Ke4 Bc2+ 68. Kd4 Bd1 69. Nc4+ Kd7 70. Ne3 Bf3 71. Ke5 Ke7 72. Kf5 Kd6 73. Kxg5 Ke5 74. Kh4 Kf4 75. d6 Bc6 76. g5 Ke5 77. g6 Kf6 78. Kh5 Bd7 79. Kh6 Be6 80. g7 Kf7 81. Kh7 Ke8 82. Kh8 Bg8 83. Kxg8 1-0

[Event "January 9 Early 2024"]
[Site "https://www.chess.com"]
[Date "2024.01.11"]
[Round "2"]
[White "Shimanov, Aleksandr"]
[Black "Skliarov, Viktor"]
[Result "0-1"]
[Board "321"]
[TimeControl "180+1"]
[WhiteFideId "4198603"]
[BlackFideId "14106736"]
[WhiteElo "2993"]
[BlackElo "2667"]
[WhiteTeam "RUS"]
[BlackTeam "UKR"]
[WhiteClock "0:00:05"]
[BlackClock "0:00:07"]

1. g3 g6 2. d4 Bg7 3. Bg2 Nf6 4. e4 O-O 5. Ne2 d6 6. O-O c5 7. Nbc3 cxd4 8. Nxd4 Nc6 9. Nxc6 bxc6 10. Qd2 Rb8 11. b3 Qa5 12. Bb2 Qh5 13. f3 Bh3 14. Rad1 Bxg2 15. Kxg2 Rfd8 16. Qe2 Qa5 17. Na4 Nd7 18. Bxg7 Kxg7 19. Qf2 Nb6 20. Nxb6 axb6 21. a4 b5 22. Ra1 Qc3 23. Rfd1 bxa4 24. Rxa4 c5 25. Rd3 Qb2 26. Ra7 Re8 27. Qd2 Ra8 28. Rd7 Ra2 29. Rc3 Ra1 30. e5 Qb1 31. Qe2 Qg1+ 32. Kh3 Re1 33. Qg2 Qd4 34. Rd3 Qxe5 35. g4 Re2 36. Qg3 Qe6 37. Ra7 h5 38. Qf4 hxg4+ 39. Kg3 Rh8 40. Qxg4 Qe5+ 41. f4 Re3+ 42. Rxe3 Qxe3+ 43. Kg2 Qd2+ 44. Kf3 Qd1+ 45. Kg3 Qg1+ 46. Kf3 Qxh2 47. Rxe7 Rh3+ 48. Ke4 Qxc2+ 49. Kd5 Qxb3+ 50. Kc6 Rh8 51. Qd7 Rf8 52. Qxd6 Qc3 53. Qd5 c4 54. Kd7 Qd3 55. Qxd3 cxd3 56. Re3 Rh8 57. Rxd3 Rh4 58. Rd4 Kf6 59. Ke8 Rh8+ 60. Kd7 Kf5 61. Ke7 Rh7 62. Ra4 f6+ 63. Kd6 Rh4 64. Ra5+ Kxf4 65. Ke6 f5 66. Kf6 Rg4 67. Ra4+ Kg3 68. Ra3+ Kh4 69. Ra8 Rg3 70. Ra4+ Kh3 71. Rb4 Rg4 72. Rb3+ Kh4 73. Rb1 f4 74. Rh1+ Kg3 75. Rg1+ Kf3 76. Rf1+ Kg2 77. Ra1 f3 78. Ra2+ f2 79. Rb2 Kg1 0-1

[Event "January 9 Early 2024"]
[Site "https://www.chess.com"]
[Date "2024.01.11"]
[Round "2"]
[White "Garrido, Denis"]
[Black "Leiva, Gianmarco"]
[Result "0-1"]
[Board "322"]
[TimeControl "180+1"]
[WhiteFideId "601217"]
[BlackFideId "3804399"]
[WhiteElo "2399"]
[BlackElo "2698"]
[WhiteTeam "FRA"]
[BlackTeam "PER"]
[WhiteClock "0:00:07"]
[BlackClock "0:00:02"]

1. e4 c6 2. Nf3 d5 3. d3 dxe4 4. dxe4 Qxd1+ 5. Kxd1 h5 6. c3 h4 7. h3 Nf6 8. Nbd2 Nbd7 9. Kc2 e5 10. Ne1 Nc5 11. f3 Nh5 12. b4 Ne6 13. Nc4 f6 14. Be3 b6 15. Rg1 Ng3 16. Bd3 Kd8 17. a4 Kc7 18. a5 b5 19. Nd2 Nf4 20. c4 Nxd3 21. Nxd3 bxc4 22. Nxc4 Ba6 23. Kb3 Rd8 24. Rgd1 Kb7 25. Nc5+ Bxc5 26. Bxc5 Bxc4+ 27. Kxc4 Nh5 28. a6+ Kc7 29. Bxa7 Rxd1 30. Rxd1 Ra8 31. Bc5 Rxa6 32. Rd2 Nf4 33. Bd6+ Kc8 34. Bf8 Ne6 35. Bc5 Ra1 36. Rc2 Rb1 37. Bb6 Kb7 38. Bc5 Kc7 39. Be7 Kc8 40. Bc5 Kb7 41. Bf2 Kc7 42. Bxh4 Rd1 43. Bf2 Nf4 44. Be3 Ne6 45. g4 Rh1 46. g5 fxg5 47. Rg2 Rxh3 48. Bxg5 Rxf3 49. Bd2 Rf7 50. Bc3 Nd4 51. Bxd4 exd4 52. Kxd4 Kb6 53. Rg5 Rd7+ 54. Ke5 Re7+ 55. Kf5 Kb5 56. e5 Kxb4 57. e6 c5 58. Rg4+ c4 59. Ke5 Kb3 60. Kd6 Re8 61. Kd7 Ra8 62. e7 c3 63. Rg6 Ra7+ 64. Kd8 c2 65. Rb6+ Ka2 66. e8=Q Ra8+ 67. Ke7 Rxe8+ 68. Kxe8 c1=Q 69. Ra6+ Kb3 70. Rb6+ Ka4 71. Ra6+ Kb5 72. Rg6 Qe3+ 73. Kf7 Qf4+ 74. Kxg7 Kc5 75. Rf6 Qg5+ 76. Kf7 Kd5 77. Rg6 Qh5 78. Kg7 Ke5 79. Ra6 Qg4+ 80. Kf8 Qc8+ 0-1